Map: Prion Terraces

Players

Miszu

  • Race: Terran Terran
  • League: Master

Matiz - Winner!

  • Race: Zerg Zerg
  • League: Master

VOD

Have the link to the VOD?

Description

Time

  • Played on: March 25, 2016, 2:15 p.m.
  • Length: 8:23
Show
View Real Time Build Order
Export as new Build Order

Miszu Terran 

Build Orders:  

Get SALT Encoding   

  12  0:01  SCV  
  13  0:13  SCV  
  14  0:17  Supply Depot  
  14  0:25  SCV  
  15  0:38  SCV  
  16  0:43  Barracks  
  16  0:46  Refinery  
  16  0:51  SCV  
  17  0:59  Barracks  
  17  1:03  SCV  
  18  1:16  SCV  
  19  1:20  Barracks  
  19  1:28  SCV  
  19  1:30  Reaper  
  21  1:34  Refinery  
  21  1:47  Supply Depot, Reaper  
  22  1:59  Orbital Command  
  22  2:04  Reaper  
  23  2:11  Reaper  
  24  2:18  Supply Depot  
  24  2:21  Reaper  
  25  2:25  SCV  
  26  2:37  Reaper  
  26  2:43  SCV  
  26  2:44  Reaper  
  29  2:54  Reaper  
  29  2:56  SCV  
  31  3:04  Command Center  
  31  3:22  Reaper  
  32  3:27  Reaper  
  32  3:28  Reaper  
  33  3:44  SCV  
  35  3:56  SCV  
  37  4:04  Command Center  
  37  4:06  Barracks Reactor, Barracks Tech Lab x2  
  37  4:08  SCV  
  35  4:17  Factory  
  35  4:18  Orbital Command  
  35  4:20  SCV  
  36  4:32  SCV  
  36  4:35  Marine  
  36  4:36  Stimpack  
  36  4:37  Marine  
  39  4:43  Marine  
  39  4:44  SCV x2  
  42  4:49  Marine  
  43  4:53  Marine  
  43  4:56  SCV x2  
  46  5:08  SCV  
  47  5:15  Marine  
  47  5:16  Marine x3, SCV  
  47  5:17  SCV  
  53  5:33  Marine  
  53  5:34  Marine x3  
  55  5:41  SCV x2  
  55  5:42  Orbital Command  
  57  5:47  Starport  
  57  5:50  Barracks  
  57  5:51  Marine, Barracks  
  57  5:52  Marine x2  
  57  5:53  Marine, SCV  
  57  5:55  SCV  
  57  5:57  Refinery x2  
  63  5:58  Supply Depot x2  
  63  5:59  Factory Reactor  
  63  6:03  Engineering Bay  
  63  6:05  Engineering Bay, SCV  
  63  6:07  SCV  
  63  6:09  Marine x2  
  67  6:13  Marine  
  67  6:14  Marine, SCV  
  69  6:24  SCV x2  
  71  6:27  Marine  
  71  6:29  Marine  
  72  6:36  SCV x2  
  73  6:42  Barracks Reactor  
  73  6:43  Barracks Reactor  
  73  6:51  Factory Tech Lab  
  72  6:56  Marine  
  72  6:57  Marine x3, Medivac x2  
  72  6:59  SCV x2  
  79  7:08  Supply Depot x2  
  79  7:09  Supply Depot, Armory  
  79  7:11  SCV x2  
  79  7:14  Marine x2  
  79  7:15  Marine  
  85  7:19  Marine  
  85  7:29  Marine x2, Siege Tank, SCV  
  93  7:30  Bunker, Marauder, SCV  
  93  7:32  Marine x2  
  86  7:41  Marine  
  86  7:42  SCV  
  86  7:44  Marine x2  
  77  7:47  Marine x2  
  77  7:50  Marine x2  
  77  7:51  Marine  
  73  7:59  Marine  
  73  8:01  Marine  
  73  8:02  Marine  
  73  8:05  Marine  
Show
View Real Time Build Order
Export as new Build Order

Matiz Zerg - Winner!

Build Orders: Hatch First 

Get SALT Encoding   

  12  0:01  Drone  
  13  0:12  Overlord  
  13  0:17  Drone  
  14  0:23  Extractor, Drone  
  15  0:31  Drone  
  15  0:34  Drone  
  17  0:52  Hatchery  
  17  0:55  Drone  
  17  0:57  Drone  
  17  1:03  Extractor  
  17  1:07  Drone  
  18  1:17  Spawning Pool  
  17  1:20  Drone  
  18  1:30  Drone  
  19  1:39  Overlord  
  19  2:04  Queen x2  
  19  2:06  Zergling x6  
  26  2:14  Drone  
  27  2:16  Drone  
  28  2:25  Drone  
  28  2:29  Drone  
  29  2:37  Drone x2  
  29  2:44  Queen x2  
  35  2:52  Roach Warren  
  35  2:53  Drone x2  
  35  2:54  Overlord  
  36  3:05  Overlord  
  35  3:16  Drone x3  
  37  3:21  Overlord  
  37  3:23  Drone x4  
  41  3:27  Drone  
  41  3:36  Roach x2  
  43  3:42  Roach  
  44  3:51  Roach x2  
  44  3:56  Drone  
  45  4:02  Drone  
  45  4:09  Lair  
  45  4:18  Drone x3  
  45  4:21  Extractor  
  45  4:23  Roach  
  49  4:31  Roach  
  49  4:32  Hatchery  
  49  4:37  Roach x3  
  54  4:41  Extractor  
  53  4:49  Drone x3  
  56  4:53  Baneling Nest  
  55  5:01  Overlord  
  55  5:05  Drone x6  
  59  5:12  Glial Reconstitution  
  57  5:15  Roach x2  
  59  5:32  Metabolic Boost  
  59  5:36  Roach x2  
  59  5:37  Roach  
  59  5:38  Drone x5  
  68  5:43  Overlord  
  68  5:53  Centrifical Hooks  
  68  5:55  Drone  
  68  5:56  Drone  
  64  6:03  Drone x2  
  66  6:04  Overlord  
  66  6:06  Roach x3  
  66  6:08  Overlord  
  72  6:12  Extractor  
  72  6:14  Roach x2  
  73  6:19  Roach  
  75  6:29  Zergling x4, Roach x3  
  75  6:30  Zergling x2, Roach  
  75  6:32  Overlord  
  84  6:37  Roach x2  
  84  6:39  Overseer  
  88  6:42  Overlord  
  88  6:44  Roach x2  
  89  6:59  Zergling x12  
  89  7:00  Zergling x6  
  97  7:04  Baneling x4  
  97  7:09  Zergling x6  
  97  7:10  Zergling x2  
  97  7:15  Overlord  
  101  7:16  Baneling x2  
  101  7:18  Zergling x4  
  101  7:20  Baneling  
  101  7:21  Baneling x8  
  103  7:26  Zergling x6  
  103  7:29  Overlord  
  101  7:40  Zergling x6  
  101  7:41  Zergling x8  
  102  7:46  Baneling x10  
  102  7:48  Zergling x2  
  103  7:55  Zergling x2  
  103  7:56  Zergling x10  
  106  8:00  Zergling x4  
  106  8:01  Zergling x2  
Tags
 
Add a new tag
Caveats
  • Supply blocks, unpowered buildings, or Contaminate may cause inaccurate times.
  • Supply counts are checked every 10 seconds.